Map: Frozen Temple

Players

ByRada - Winner!

  • Race: Zerg Zerg
  • League: Grandmaster
  • Spawn Location: 11:00

JimRising

  • Race: Zerg Zerg
  • League: Master
  • Spawn Location: 5:00

Event: Copa América 2016 Grand Finals

VOD

Have the link to the VOD?

Description

Time

  • Played on: Oct. 13, 2016, 2:58 p.m.
  • Length: 4:48

All games in this series

Show
View Real Time Build Order
Export as new Build Order

ByRada Zerg - Winner!

Build Orders: Pool First 

Get SALT Encoding   

  12  0:18  Spawning Pool  
  11  0:21  Drone  
  11  0:26  Drone  
  13  0:32  Drone  
  14  0:40  Overlord  
  14  1:05  Zergling x6  
  17  1:16  Zergling x2  
  18  1:19  Hatchery  
  17  1:27  Drone  
  18  1:33  Queen  
  18  1:36  Extractor  
  20  1:40  Drone  
  20  1:48  Drone  
  21  2:04  Drone  
  22  2:14  Overlord  
  22  2:22  Queen  
  22  2:33  Drone x3  
  24  2:44  Metabolic Boost  
  24  2:50  Zergling x6  
  24  2:51  Zergling x2  
  28  2:54  Zergling x4  
  30  3:05  Overlord  
  30  3:06  Zergling x2  
  32  3:20  Zergling x2  
  32  3:28  Zergling x4  
  32  3:29  Zergling x2  
  32  3:33  Zergling x6  
  32  3:34  Zergling x6  
  41  3:42  Overlord  
  41  3:47  Zergling x2  
  42  3:52  Zergling x2  
  42  3:55  Zergling x2  
  44  4:00  Zergling x2  
  45  4:03  Zergling x2  
  45  4:04  Zergling x4  
  45  4:09  Zergling x6  
  52  4:10  Zergling x2  
  51  4:19  Zergling x2  
  51  4:20  Zergling x2  
Show
View Real Time Build Order
Export as new Build Order

JimRising Zerg 

Build Orders: Pool First 

Get SALT Encoding   

  12  0:00  Drone  
  13  0:12  Overlord  
  13  0:17  Drone  
  14  0:31  Drone x2  
  14  0:34  Drone  
  17  0:56  Spawning Pool  
  16  0:58  Drone x2  
  18  1:07  Overlord  
  18  1:13  Extractor  
  17  1:43  Zergling x2, Queen  
  17  1:44  Zergling x4  
  22  1:56  Zergling x2  
  22  1:58  Hatchery  
  22  2:06  Drone  
  23  2:18  Queen  
  21  2:24  Drone  
  23  2:30  Drone  
  23  2:39  Zergling x2  
  24  2:50  Extractor  
  23  2:56  Queen  
  25  2:59  Drone x3  
  25  3:00  Drone  
  30  3:12  Drone x2  
  32  3:17  Lair  
  32  3:20  Drone x2  
  32  3:26  Overlord  
  34  3:30  Drone x2  
  35  3:36  Roach Warren  
  35  3:37  Evolution Chamber  
  35  3:39  Drone x2  
  35  3:43  Drone  
  36  3:50  Drone x2  
  36  3:51  Drone  
  36  3:53  Drone  
  40  3:57  Overlord  
  40  3:59  Extractor  
  39  4:04  Drone  
  39  4:09  Zergling x2  
  42  4:10  Zergling x2  
  42  4:16  Roach  
  44  4:18  Roach  
  44  4:21  Roach  
  48  4:25  Roach  
  48  4:29  Roach  
Tags
 
Add a new tag
Caveats
  • Supply blocks, unpowered buildings, or Contaminate may cause inaccurate times.
  • Supply counts are checked every 10 seconds.